 Dungeon Crawl Stone Soup version 0.31-a0-507-gbafd7f5274 (webtiles) character file.

Game seed: 479722682928120115

41534 CraigForest the Grappler (level 14, -1/162 HPs)
             Began as a Gnoll Shapeshifter on Aug 9, 2023.
             Was the Champion of Wu Jian.
             Slain by a komodo dragon (18 damage)
             ... on level 5 of the Lair of Beasts.
             The game lasted 01:17:52 (15018 turns).

CraigForest the Grappler (Gnoll Shapeshifter)      Turns: 15018, Time: 01:17:53

Health: -1/162     AC: 13    Str: 19    XL:     14   Next: 15%
Magic:  24/27      EV: 20    Int:  8    God:    Wu Jian [******]
Gold:   2107       SH: 21    Dex: 13    Spells: 28/31 levels left

rFire   . .          .
                       - Unarmed
rCold   . . .        C - +5 kite shield
rNeg    . . .        o - melded +3 ring mail
rPois   +            u - +2 helmet
rElec   .            V - +2 cloak
rCorr   .            M - +0 pair of gloves
SInv    .            S - +0 pair of boots
Will    +....        Q - amulet of reflection Stlth
                     f - +5 ring of evasion
HPRegen 0.47/turn    y - +4 ring of protection
MPRegen 0.20/turn

%: reflection
@: berserking, maw-form, very quick
A: devouring maw, fangs 1, strong nose, distributed training, poison resistance,
MP-powered wands
a: Begin Untransformation, Renounce Religion, Wall Jump, Serpent's Lash,
Heavenly Storm


You were on level 5 of the Lair of Beasts.
You worshipped Wu Jian.
Wu Jian was exalted by your worship.
You were a creature with a mouth for a stomach.
You visited 3 branches of the dungeon, and saw 17 of its levels.
You also visited: Sewer and Ossuary.

You collected 2167 gold pieces.
You spent 60 gold pieces at shops.

Inventory:

Hand Weapons
 z - a +1 quarterstaff of speed
 B - the +6 long sword "Bidijayt" {heavy, rF+ Dex+3}
   (You found it on level 8 of the Dungeon)

   Dex+3:     It affects your dexterity (+3).
   rF+:       It protects you from fire.
 E - a +1 demon whip of flaming
Missiles
 t - 4 silver javelins
 K - 8 boomerangs
Armour
 o - a +3 ring mail (melded)
 u - a +2 helmet (worn)
 C - a +5 kite shield (worn)
 M - a +0 pair of gloves (worn)
 S - a +0 pair of boots (worn)
 V - a +2 cloak (worn)
Jewellery
 f - a +5 ring of evasion (left hand)
 i - a ring of wizardry
 n - a ring of protection from fire
 x - a ring of wizardry
 y - a +4 ring of protection (right hand)
 D - an amulet of regeneration
 G - a +6 ring of intelligence
 L - a ring of see invisible
 Q - an amulet of reflection (around neck)
 R - a +5 ring of evasion
 U - the ring of the Jester {*Slow Fly rElec rF+ Str+2}
   (You found it on level 2 of the Lair of Beasts)

   [ring of flight]

   Str+2:     It affects your strength (+2).
   rF+:       It protects you from fire.
   rElec:     It insulates you from electricity.
   Fly:       It grants you flight.
   *Slow:     It may slow you when you take damage.
 W - a ring of positive energy
Talismans
 c - a beast talisman
 d - a flux talisman
 e - a serpent talisman
 m - a maw talisman (active)
Wands
 A - a wand of mindburst (19)
 O - a wand of flame (10)
 T - a wand of polymorph (6)
Scrolls
 g - a scroll of enchant armour
 h - 7 scrolls of teleportation
 j - 4 scrolls of blinking
 q - 3 scrolls of vulnerability
 r - 2 scrolls of brand weapon
 F - 2 scrolls of enchant weapon
 J - 2 scrolls of fear
 P - a scroll of poison
 Z - a scroll of amnesia
Potions
 a - 2 potions of invisibility
 b - 2 potions of lignification
 k - 8 potions of curing
 l - 2 potions of ambrosia
 p - a potion of heal wounds
 s - a potion of resistance {unknown}
 v - a potion of might
 w - a potion of cancellation {unknown}
 H - 3 potions of haste
 N - 4 potions of enlightenment
 X - 6 potions of brilliance
 Y - a potion of magic {unknown}


   Skills:
 + Level 9.5 Fighting
 + Level 9.1 Short Blades
 + Level 9.1 Long Blades
 + Level 9.1 Axes
 + Level 9.1 Maces & Flails
 + Level 9.1 Polearms
 + Level 9.1 Staves
 + Level 9.1 Ranged Weapons
 + Level 9.1 Throwing
 + Level 9.1 Armour
 + Level 10.2 Dodging
 + Level 9.1 Stealth
 + Level 9.1 Shields
 + Level 11.2 Unarmed Combat
 + Level 9.1 Spellcasting
 + Level 7.6 Conjurations
 + Level 7.6 Hexes
 + Level 7.6 Summonings
 + Level 7.6 Necromancy
 + Level 7.6 Translocations
 + Level 7.6 Transmutations
 + Level 7.6 Fire Magic
 + Level 7.6 Ice Magic
 + Level 7.6 Air Magic
 + Level 7.6 Earth Magic
 + Level 7.6 Poison Magic
 + Level 10.0 Invocations
 + Level 9.1 Evocations
 + Level 10.1 Shapeshifting


You had 28 spell levels left.
You knew the following spells:

 Your Spells              Type           Power      Damage    Failure   Level
a - Vampiric Draining     Necr           15%        2d7       4%          3

Your spell library contained the following spells:

 Spells                   Type           Power      Damage    Failure   Level
 Foxfire                  Conj/Fire      60%        2x1d7     1%          1
 Kiss of Death            Conj/Necr      60%        2d10      1%          1
 Slow                     Hex            60%        N/A       1%          1
 Blink                    Tloc           30%        N/A       2%          2
 Ensorcelled Hibernation  Hex/Ice        30%        N/A       2%          2
 Lesser Beckoning         Tloc           30%        N/A       2%          2
 Poisonous Vapours        Pois/Air       30%        N/A       2%          2
 Confusing Touch          Hex            15%        N/A       4%          3
 Gell's Gravitas          Tloc           15%        N/A       4%          3
 Mephitic Cloud           Conj/Pois/Air  15%        N/A       4%          3
 Ozocubu's Armour         Ice            15%        N/A       4%          3
 Portal Projectile        Hex/Tloc       30%        N/A       4%          3
 Teleport Other           Tloc           15%        N/A       4%          3
 Tukima's Dance           Hex            15%        N/A       4%          3
 Anguish                  Hex/Necr       7%         N/A       14%         4
 Dispel Undead            Necr           15%        3d10      14%         4
 Iskenderun's Mystic Bla  Conj/Tloc      15%        2d5       14%         4
 Manifold Assault         Tloc           15%        N/A       14%         4
 Freezing Cloud           Conj/Ice/Air   7%         6-21      38%         5
 Plasma Beam              Fire/Air       7%         2x1d18    92%         6
 Starburst                Conj/Fire      7%         6d4       92%         6
 Ozocubu's Refrigeration  Ice            7%         4d9       100%        7


Dungeon Overview and Level Annotations

Branches:
Dungeon (11/15)            Temple (1/1) D:7            Lair (5/5) D:8
  Swamp (0/4) Lair:3       Spider (0/4) Lair:2          Orc (0/2) D:10
  Sewer (visited)         Ossuary (visited)
  Slime: Lair:4-5

Altars:
Ashenzari
Cheibriados
Dithmenos
Elyvilon
Gozag
Hepliaklqana
Kikubaaqudgha
Makhleb
Nemelex Xobeh
Okawaru
Qazlal
Ru
Sif Muna
Trog
Uskayaw
Vehumet
Wu Jian
Xom
Yredelemnul
Zin
The Shining One

Shops:
D:10 !   D:11 *


Innate Abilities, Weirdness & Mutations

You are a creature with a mouth for a stomach.
Your midsection houses a second, enormous mouth.
You have very sharp teeth.
Your uncanny sense of smell can sniff out nearby items.
Your experience applies equally to all skills.
Your system is resistant to poisons. (rPois)
You expend magic power (3 MP) to strengthen your wands.


Message History

* * * LOW HITPOINT WARNING * * *
The wyvern bites you but does no damage.
The manticore completely misses you.
The manticore claws you but does no damage.
You block the manticore's attack. The hornet stings you!
* * * LOW HITPOINT WARNING * * *
The komodo dragon closely misses you.
Okay, then.
Aiming: Vampiric Draining (mildly dangerous; 4% risk of failure)
Press: ? - help, Q - select action, (/) - cycle Shift-Dir - straight line, f - manticore
Aim: a manticore (heavily wounded)
You draw life force from the manticore!
You feel life coursing into your body. You block the wyvern's attack.
The hornet stings you but does no damage.
You block the manticore's attack. The manticore claws you.
* * * LOW HITPOINT WARNING * * *
You block the manticore's attack. The elephant tramples you!
* * * LOW HITPOINT WARNING * * *
You hold your ground!
The elephant completely misses you. You block the komodo dragon's attack.
You feel much better. The wyvern completely misses you.
The hornet closely misses you. The elephant barely misses you.
You block the elephant's attack. The manticore bites you!
* * * LOW HITPOINT WARNING * * *
You block the manticore's attack.
The manticore claws you but does no damage.
The wyvern misses you.
The komodo dragon bites you but does no damage.
The hornet misses you.
A red film seems to cover your vision as you go berserk!
You feel yourself moving faster!
You feel mighty! You block the wyvern's attack. You block the hornet's attack.
The elephant closely misses you.
The elephant trunk-slaps you but does no damage.
You block the manticore's attack.
The manticore claws you but does no damage.
The manticore claws you!
* * * LOW HITPOINT WARNING * * *
The komodo dragon bites you!!
You die...

~..... ##.##.#...P#
~~#.....###....##...#
P#~~......##.........#
.P~~......##.........#
.P~~......#.........#
~~~~~.....#....P#.#..####
~~##~.....#.........PPP..
~~~~...ly...........†P<..
~~~~...YWl..........†....
~~#...H............†[...
#~.................###
~~~~~..#..##..#..#..... #
P~~~....#.###.###.....##
~~#~...P.#. #.# #.....# ~
##~.... .. .. #......
.~..# ... #.....# .....
...


You could see an elephant, a manticore, a komodo dragon, a hornet and a wyvern.

Vanquished Creatures
  Snorg (D:11)
  Erolcha (D:11)
  The ghost of wormstring the Grappler, a journeyman VSSh of Gozag (Lair:2)
  2 boulder beetles
  2 two-headed ogres (D:10)
  A dancing weapon (Lair:2)
  A tengu warrior (D:11)
  The ghost of SirDiesAlot the Frost Mage, a journeyman OpSh of Cheibriados (D:11)
  A skyshark (Lair:4)
  Amaemon (D:11)
  A sea snake (Lair:5)
  2 orc knights (D:11)
  An orb spider (Lair:2)
  3 ugly things (D:11)
  A black mamba (Lair:4)
  8 elephants
  A torpor snail (Lair:4)
  A gargoyle (D:11)
  2 cane toads
  An orange demon (D:11)
  An unseen horror (shapeshifter) (D:11)
  2 unseen horrors (D:11)
  A freezing wraith (D:11)
  An efreet (D:11)
  A rime drake (Lair:3)
  9 komodo dragons
  A wind drake (Lair:5)
  5 trolls
  A polar bear (Lair:3)
  35 blink frogs
  Grinder (D:6)
  5 dream sheep (Lair:5)
  A centaur simulacrum (D:11)
  6 wyverns
  A slime creature (D:10)
  A wraith (D:11)
  3 vampires
  26 yaks
  5 basilisks
  A vampire mosquito (D:11)
  A steam dragon (D:7)
  13 water moccasins
  Duvessa (D:5)
  4 acid dragons
  2 ice beasts
  4 orc warriors
  3 sky beasts
  3 black bears
  3 centaurs
  A phantom (D:4)
  3 kobold brigands
  14 bullfrogs
  2 scorpions (D:5)
  2 gnoll sergeants
  4 water moccasin zombies (Ossuary)
  3 wights (D:9)
  Dowan (D:5)
  17 killer bees
  3 jellies
  3 howler monkeys
  2 centaur zombies (Ossuary)
  4 bullfrog zombies (Ossuary)
  5 hounds
  3 gnoll boudas
  9 orc priests
  A sleepcap (D:8)
  4 iguanas
  14 orc wizards
  2 killer bee zombies (Ossuary)
  20 mummies (Ossuary)
  4 howler monkey zombies (Ossuary)
  11 adders
  20 gnolls
  4 river rats (Sewer)
  2 shadow imps (D:7)
  2 white imps
  2 worms
  A dart slug (D:1)
  48 orcs
  4 endoplasms
  2 giant cockroaches
  2 hobgoblins
  6 jackals
  5 quokkas
  7 ball pythons
  9 bats
  8 frilled lizards
  8 goblins
  2 goblin zombies (D:6)
  6 hobgoblin zombies (D:6)
  7 kobolds
  A kobold skeleton (D:6)
  2 orc skeletons (D:6)
  2 orc zombies (D:6)
  13 rats
  A butterfly (Lair:4)
470 creatures vanquished.

Vanquished Creatures (others)
  An orc wizard (D:9)
1 creature vanquished.

Grand Total: 471 creatures vanquished

Notes
Turn   | Place    | Note
-------+----------+-------------------------------------------
     0 | D:1      | CraigForest the Gnoll Shapeshifter began the quest for the
                  | Orb.
     0 | D:1      | Reached XP level 1. HP: 17/17 MP: 1/1
    70 | D:1      | Reached XP level 2. HP: 22/23 MP: 2/2
   494 | D:1      | Reached XP level 3. HP: 28/28 MP: 3/3
   719 | D:2      | Found a faded altar of an unknown god.
   727 | D:2      | Prayed at the altar of an unknown god.
   727 | D:2      | Became a worshipper of the Wu Jian Council
   727 | D:2      | Reached * piety under Wu Jian
   800 | D:2      | Identified the +0 robe "Vuhomoqe" {rN+ Str+4}
   819 | D:2      | Reached skill level 1 in Invocations
  1078 | D:2      | Reached skill level 1 in Short Blades
  1078 | D:2      | Reached skill level 1 in Long Blades
  1078 | D:2      | Reached skill level 1 in Axes
  1078 | D:2      | Reached skill level 1 in Maces & Flails
  1078 | D:2      | Reached skill level 1 in Polearms
  1078 | D:2      | Reached skill level 1 in Staves
  1078 | D:2      | Reached skill level 1 in Ranged Weapons
  1078 | D:2      | Reached skill level 1 in Throwing
  1078 | D:2      | Reached skill level 1 in Armour
  1078 | D:2      | Reached skill level 1 in Stealth
  1078 | D:2      | Reached skill level 1 in Shields
  1078 | D:2      | Reached skill level 1 in Spellcasting
  1078 | D:2      | Reached skill level 1 in Evocations
  1464 | D:3      | Reached XP level 4. HP: 29/34 MP: 5/5
  1566 | D:3      | Reached skill level 1 in Conjurations
  1566 | D:3      | Reached skill level 1 in Hexes
  1566 | D:3      | Reached skill level 1 in Summonings
  1566 | D:3      | Reached skill level 1 in Necromancy
  1566 | D:3      | Reached skill level 1 in Translocations
  1566 | D:3      | Reached skill level 1 in Transmutations
  1566 | D:3      | Reached skill level 1 in Fire Magic
  1566 | D:3      | Reached skill level 1 in Ice Magic
  1566 | D:3      | Reached skill level 1 in Air Magic
  1566 | D:3      | Reached skill level 1 in Earth Magic
  1566 | D:3      | Reached skill level 1 in Poison Magic
  1770 | D:3      | Found a snail-covered altar of Cheibriados.
  1793 | D:3      | Reached ** piety under Wu Jian
  1858 | D:3      | Reached XP level 5. HP: 25/41 MP: 5/7
  2196 | D:3      | Reached XP level 6. HP: 30/47 MP: 8/8
  2528 | D:4      | Reached skill level 5 in Dodging
  3074 | D:4      | Found a sacrificial altar of Ru.
  3454 | D:5      | Entered Level 5 of the Dungeon
  3481 | D:5      | Noticed a black bear
  3498 | D:5      | Reached XP level 7. HP: 38/52 MP: 10/10
  3502 | D:5      | Reached skill level 7 in Unarmed Combat
  3641 | D:5      | Reached XP level 8. HP: 60/60 MP: 12/12
  3664 | D:5      | Found a glowing drain.
  3668 | Sewer    | Entered a sewer
  3750 | Sewer    | Reached *** piety under Wu Jian
  4380 | D:5      | Noticed Dowan
  4388 | D:5      | Killed Dowan
  4394 | D:5      | Noticed Duvessa
  4408 | D:5      | Killed Duvessa
  4474 | D:5      | Found a glowing silver altar of Zin.
  4820 | D:6      | Reached XP level 9. HP: 58/66 MP: 14/14
  4892 | D:6      | Found a glowing golden altar of the Shining One.
  4911 | D:6      | Reached **** piety under Wu Jian
  5237 | D:6      | Noticed Grinder
  5249 | D:6      | Paralysed by Grinder for 5 turns
  5260 | D:6      | Killed Grinder
  5261 | D:6      | Reached skill level 5 in Fighting
  5404 | D:6      | Found an ancient bone altar of Kikubaaqudgha.
  5536 | D:7      | Found a sand-covered staircase.
  5549 | Ossuary  | Entered an ossuary
  5703 | Ossuary  | Reached skill level 8 in Unarmed Combat
  5753 | Ossuary  | Reached skill level 5 in Invocations
  6203 | D:7      | Reached XP level 10. HP: 60/74 MP: 17/17
  6262 | D:7      | Found a staircase to the Ecumenical Temple.
  6284 | D:7      | Reached skill level 5 in Short Blades
  6284 | D:7      | Reached skill level 5 in Long Blades
  6284 | D:7      | Reached skill level 5 in Axes
  6284 | D:7      | Reached skill level 5 in Maces & Flails
  6284 | D:7      | Reached skill level 5 in Polearms
  6284 | D:7      | Reached skill level 5 in Staves
  6284 | D:7      | Reached skill level 5 in Ranged Weapons
  6284 | D:7      | Reached skill level 5 in Throwing
  6284 | D:7      | Reached skill level 5 in Armour
  6284 | D:7      | Reached skill level 5 in Stealth
  6284 | D:7      | Reached skill level 5 in Shields
  6284 | D:7      | Reached skill level 5 in Spellcasting
  6284 | D:7      | Reached skill level 5 in Evocations
  6285 | D:7      | Reached ***** piety under Wu Jian
  6308 | Temple   | Entered the Ecumenical Temple
  6460 | D:7      | Found a broken altar of Ashenzari.
  6542 | D:7      | Found a stormy altar of Qazlal.
  6718 | D:8      | Found a staircase to the Lair.
  7087 | D:8      | Identified the +6 long sword "Bidijayt" {heavy, rF+ Dex+3}
  7804 | D:9      | Reached XP level 11. HP: 39/78 MP: 19/19
  8050 | D:9      | Reached skill level 9 in Unarmed Combat
  8173 | D:10     | Entered Level 10 of the Dungeon
  8174 | D:10     | Gained mutation: You expend magic power (3 MP) to
                  | strengthen your wands. [potion of mutation]
  8174 | D:10     | Gained mutation: Your system is resistant to poisons.
                  | (rPois) [potion of mutation]
  8193 | D:10     | Found Yge Gox's Distillery.
  8201 | D:10     | Bought a potion of heal wounds for 60 gold pieces
  8240 | D:10     | Reached skill level 5 in Conjurations
  8240 | D:10     | Reached skill level 5 in Hexes
  8240 | D:10     | Reached skill level 5 in Summonings
  8240 | D:10     | Reached skill level 5 in Necromancy
  8240 | D:10     | Reached skill level 5 in Translocations
  8240 | D:10     | Reached skill level 5 in Transmutations
  8240 | D:10     | Reached skill level 5 in Fire Magic
  8240 | D:10     | Reached skill level 5 in Ice Magic
  8240 | D:10     | Reached skill level 5 in Air Magic
  8240 | D:10     | Reached skill level 5 in Earth Magic
  8240 | D:10     | Reached skill level 5 in Poison Magic
  8463 | D:10     | Noticed a two-headed ogre
  8470 | D:10     | Killed a two-headed ogre
  8548 | D:10     | Found a white marble altar of Elyvilon.
  8580 | D:10     | Noticed a two-headed ogre
  8598 | D:10     | Killed a two-headed ogre
  8687 | D:10     | Reached ****** piety under Wu Jian
  8919 | D:10     | Found a staircase to the Orcish Mines.
  9022 | D:10     | Found a shimmering altar of Xom.
  9286 | D:11     | Noticed a +0 spear
  9286 | D:11     | Noticed a +0 short sword
  9286 | D:11     | Noticed a +0 falchion
  9287 | D:11     | Noticed a +0 dagger
  9287 | D:11     | Noticed a +0 falchion
  9288 | D:11     | Noticed a +0 dagger
  9289 | D:11     | Noticed a +0 spear
  9291 | D:11     | Noticed a +0 short sword
  9295 | D:11     | Found a hide-covered altar of Uskayaw.
  9317 | D:11     | Noticed Amaemon
  9339 | D:11     | Killed Amaemon
  9397 | D:11     | Noticed a cyan ugly thing
  9398 | D:11     | Noticed an orc knight
  9408 | D:11     | Killed a cyan ugly thing
  9422 | D:11     | Killed an orc knight
  9599 | D:11     | Noticed a boulder beetle
  9615 | D:11     | Killed a boulder beetle
  9616 | D:11     | Reached XP level 12. HP: 62/91 MP: 22/22
  9694 | D:11     | Learned a level 3 spell: Vampiric Draining
  9875 | D:11     | Noticed Snorg
  9891 | D:11     | Killed Snorg
  9969 | D:11     | Noticed Erolcha
  9977 | D:11     | Killed Erolcha
 10240 | D:11     | Reached skill level 10 in Unarmed Combat
 10391 | D:11     | Found a runed translucent gate.
 10478 | D:11     | Found a runed translucent gate.
 10479 | D:11     | Found a runed translucent gate.
 10482 | D:11     | Found an opulent altar of Gozag.
 10482 | D:11     | Noticed a tengu warrior
 10483 | D:11     | Noticed SirDiesAlot's ghost (journeyman OpSh)
 10484 | D:11     | Found Kalom's Assorted Antiques.
 10658 | D:11     | Killed SirDiesAlot's ghost
 10665 | D:11     | HP: 4/92 [something (6)]
 10666 | D:11     | HP: 1/92 [something (4)]
 10675 | D:11     | HP: 3/92 [tengu warrior/+0 long sword (12)]
 10680 | D:11     | Killed a tengu warrior
 10937 | Lair:1   | Entered Level 1 of the Lair of Beasts
 11462 | Lair:1   | Noticed a boulder beetle
 11473 | Lair:1   | Killed a boulder beetle
 11858 | Lair:2   | Reached XP level 13. HP: 99/99 MP: 24/24
 12168 | Lair:2   | Identified the ring of the Jester {*Slow Fly rElec rF+
                  | Str+2}
 12170 | Lair:2   | Found a runed translucent door.
 12171 | Lair:2   | Found a shimmering altar of Xom.
 12171 | Lair:2   | Noticed wormstring's ghost (journeyman VSSh)
 12187 | Lair:2   | Killed wormstring's ghost
 12363 | Lair:2   | Found a hole to the Spider Nest.
 12799 | Lair:3   | Found a staircase to the Swamp.
 12971 | Lair:3   | Identified a scroll of acquirement
 12971 | Lair:3   | Acquired 829 gold pieces
 13979 | Lair:4   | Reached skill level 10 in Dodging
 13979 | Lair:4   | Reached skill level 11 in Unarmed Combat
 14189 | Lair:4   | Reached skill level 10 in Shapeshifting
 14349 | Lair:4   | Reached XP level 14. HP: 74/108 MP: 25/27
 14935 | Lair:5   | Entered Level 5 of the Lair of Beasts
 14999 | Lair:5   | Reached skill level 10 in Invocations
 15018 | Lair:5   | Slain by a komodo dragon

Illustrated notes

Levels and vault maps discovered:
D:1:      psy_arrival_conway, layout_basic
D:2:      layout_basic, basic_ecumenical_altar
D:3:      layout_basic, cheibrodos_worm_habitat
D:4:      layout_basic, hangedman_ru_absence, serial_curves, eino_curves_04,
          eino_curves_01, hangedman_decor_riveting
D:5:      layout_basic, mainiacjoe_overflow_tiny_flanked, gup_sewer_entry_bowl,
          uniq_duvessa
D:6:      layout_gridville, fedhas_altar_decomposition, kennysheep_mini,
          nicolae_tso_besieged_by_evil, uniq_grinder
D:7:      layout_basic, nicolae_qazlal_style_of_elements,
          mainiacjoe_overflow_alcove_4, minmay_temple_entry_statues_pillars,
          enter_ossuary_5
D:8:      layout_loops_corners, due_lair_maze_entry_diamond
D:9:      layout_cave_pools, item_on_display_a
D:10:     minmay_cornered_nines, layout_long_grid,
          lemuel_coloured_pillars_altar, mainiacjoe_overflow_surrounded_room,
          serial_shops, shop
D:11:     minmay_the_grid_3x2 [minmay_the_grid_zigzag_pyramid,
          minmay_the_grid_slots, minmay_the_grid_diamond_grid,
          minmay_the_grid_armoury, minmay_the_grid_minigrid_large,
          minmay_the_grid_prize_big_room], layout_stronghold,
          ebering_ghost_gozag, hangedman_glass_teeth, nicolae_uskayaw_en_pointe,
          uniq_amaemon, uniq_snorg, uniq_erolcha
Temple:   nicolae_temple_bog_church
Lair:1:   layout_loops_ring, minivault_27
Lair:2:   layout_loops_ring, nicolae_spider_entry_orb_guardian,
          ebering_ghost_xom
Lair:3:   layout_regular_city, swamp_mist_pool, lemuel_fruit_fields
Lair:4:   layout_gridlike, grunt_megastairs_2, serial_bayou_shore_b,
          infiniplex_staircase_pool_2, lemuel_fruit_tree, lemuel_fruit_fields,
          lemuel_fruit_fields
Lair:5:   gammafunk_lair_ancient_temple, layout_regular_city,
          dpeg_slime_entry_enclosed, ebering_ghost_inner_flame, uniq_urug

Skill      XL: |  1  2  3  4  5  6  7  8  9 10 11 12 13 14 |
---------------+-------------------------------------------+-----
Invocations    | 1 2 3 4 5 6 7 8 9 10 | 10.0
Short Blades   | 1 2 3 4 5 6 7 9 |  9.1
Long Blades    | 1 2 3 4 5 6 7 9 |  9.1
Axes           | 1 2 3 4 5 6 7 9 |  9.1
Maces & Flails | 1 2 3 4 5 6 7 9 |  9.1
Polearms       | 1 2 3 4 5 6 7 9 |  9.1
Staves         | 1 2 3 4 5 6 7 9 |  9.1
Ranged Weapons | 1 2 3 4 5 6 7 9 |  9.1
Throwing       | 1 2 3 4 5 6 7 9 |  9.1
Armour         | 1 2 3 4 5 6 7 9 |  9.1
Stealth        | 1 2 3 4 5 6 7 9 |  9.1
Shields        | 1 2 3 4 5 6 7 9 |  9.1
Spellcasting   | 1 2 3 4 5 6 7 9 |  9.1
Evocations     | 1 2 3 4 5 6 7 9 |  9.1
Conjurations   | 1 2 3 4 5 6 7 |  7.6
Hexes          | 1 2 3 4 5 6 7 |  7.6
Summonings     | 1 2 3 4 5 6 7 |  7.6
Necromancy     | 1 2 3 4 5 6 7 |  7.6
Translocations | 1 2 3 4 5 6 7 |  7.6
Transmutations | 1 2 3 4 5 6 7 |  7.6
Fire Magic     | 1 2 3 4 5 6 7 |  7.6
Ice Magic      | 1 2 3 4 5 6 7 |  7.6
Air Magic      | 1 2 3 4 5 6 7 |  7.6
Earth Magic    | 1 2 3 4 5 6 7 |  7.6
Poison Magic   | 1 2 3 4 5 6 7 |  7.6
Fighting       | 3 4 5 6 7 8 9 |  9.5
Dodging        | 5 6 7 8 9 10 | 10.2
Unarmed Combat | 7 8 9 10 11 | 11.2
Shapeshifting  | 7 8 9 10 | 10.1

Action                     |  1- 3 |  4- 6 |  7- 9 | 10-12 | 13-15 || total
---------------------------+-------+-------+-------+-------+-------++-------
  Melee: Unarmed           |    75 |   124 |   565 |   865 |   429 ||  2058
         Bite              |     2 |     8 |    74 |   128 |    47 ||   259
         Punch             |     1 |     2 |       |       |       ||     3
         Constrict         |       |       |       |     2 |    18 ||    20
         Maw               |       |       |       |       |    82 ||    82
   Cast: Vampiric Draining |       |       |       |     9 |     9 ||    18
Ability: Lunge             |     5 |    10 |    25 |    30 |    18 ||    88
         Whirlwind         |       |     2 |    14 |     8 |     9 ||    33
  Evoke: Wand              |       |       |       |     9 |       ||     9
    Use: Scroll            |       |     2 |    10 |    14 |    13 ||    39
         Potion            |       |       |       |     8 |     3 ||    11
   Stab: Sleeping          |     3 |     3 |     2 |       |     7 ||    15
         Distracted        |     1 |       |       |       |     1 ||     2
 Armour: Animal skin       |    10 |       |       |       |       ||    10
         Robe              |     1 |    15 |    18 |       |       ||    34
         Skin              |       |       |    48 |       |    99 ||   147
         Ring mail         |       |       |     7 |   215 |       ||   222
         Steam dragon scal |       |       |       |   120 |       ||   120
  Dodge: Dodged            |    49 |    64 |   362 |   809 |   331 ||  1615
  Block: Kite shield       |       |       |       |       |   494 ||   494
         Reflection        |       |       |       |       |     1 ||     1
   Form: Flux              |       |     1 |       |       |       ||     1
         Anaconda          |       |       |       |     1 |       ||     1
         Maw               |       |       |       |       |     1 ||     1

Table legend: (Time is in decaauts)
 A = Elapsed time spent in this place.
 B = Non-inter-level travel time spent in this place.
 C = Inter-level travel time spent in this place.
 D = Time resting spent in this place.
 E = Time spent auto-exploring this place.
 F = Levels seen in this place.
 G = Mean time per level.
                   A        B        C        D        E       F      G
               +--------+--------+--------+--------+--------+-----+--------+
         Total |  14904 |  13857 |   1047 |    173 |   9699 |  19 |  784.4 |
       Dungeon |   9814 |   9096 |    718 |    137 |   6501 |  11 |  892.2 |
        Temple |      1 |      1 |      0 |      0 |      0 |   1 |    1.0 |
          Lair |   4014 |   3685 |    329 |     36 |   2838 |   5 |  802.8 |
         Sewer |    728 |    728 |      0 |      0 |    313 |   1 |  728.0 |
       Ossuary |    345 |    345 |      0 |      0 |     46 |   1 |  345.0 |
               +--------+--------+--------+--------+--------+-----+--------+

Top non-repeatable levels by time:
    D:11: 1621 daAuts
  Lair:4: 1202 daAuts
    D:10: 1031 daAuts
     D:3: 1030 daAuts
     D:8: 1011 daAuts
  Lair:2: 984 daAuts
     D:4: 968 daAuts
  Lair:3: 935 daAuts
     D:6: 868 daAuts
  Lair:1: 813 daAuts
     D:2: 792 daAuts
   Sewer: 728 daAuts
     D:7: 679 daAuts
     D:1: 655 daAuts
     D:9: 580 daAuts
